 Dungeon Crawl Stone Soup version 0.23-a0-356-g1757c6e (webtiles) character file.

332 Garbasso the Cudgeler (level 6, -4/38 HPs)
             Began as a Gargoyle Gladiator on Oct 21, 2018.
             Was an Initiate of Okawaru.
             Slain by an ogre
             ... wielding a +0 giant club
              (12 damage)
             ... on level 3 of the Dungeon.
             The game lasted 00:11:47 (3579 turns).

Garbasso the Cudgeler (Gargoyle Gladiator)          Turns: 3579, Time: 00:11:48

Health: -4/38      AC: 17    Str: 20    XL:     6   Next: 52%
Magic:  6/6        EV:  8    Int:  8    God:    Okawaru [......]
Gold:   144        SH:  0    Dex: 11    Spells: 5/5 levels left

rFire    . . .     SeeInvis .   b - +0 hunting sling
rCold    . . .     Gourm    .   (no shield)
rNeg     + . .     Faith    .   e - +0 chain mail
rPois    ∞         Spirit   .   c - +0 helmet
rElec    +         Reflect  .   z - +0 cloak
rCorr    .         Harm     .   (no gloves)
MR       .....                  w - +0 pair of boots
Stlth    ..........             (no amulet)
HPRegen  0.12/turn              (no ring)
MPRegen  0.10/turn              (no ring)

@: no status effects
A: negative energy resistance 1, electricity resistance, unbreathing,
petrification resistance, rot immunity, AC +4
a: Renounce Religion


You were on level 3 of the Dungeon.
You worshipped Okawaru.
Okawaru was noncommittal.
You were not hungry.

You visited 1 branch of the dungeon, and saw 4 of its levels.

You collected 144 gold pieces.

Inventory:

Hand Weapons
 a - a +0 flail
 b - a +0 hunting sling (weapon)
 g - a cursed +0 hunting sling
Missiles
 d - 3 throwing nets
 l - 10 tomahawks
 x - 37 stones
 y - 17 sling bullets (quivered)
Armour
 c - a +0 helmet (worn)
 e - a +0 chain mail (worn)
 w - a +0 pair of boots (worn)
 z - a +0 cloak (worn)
Jewellery
 h - a cursed amulet of inaccuracy {unknown}
 r - an uncursed amulet of harm {unknown}
Wands
 u - a wand of polymorph (7)
Scrolls
 j - 5 scrolls of identify {unknown}
 k - 2 scrolls of fog {unknown}
 m - 2 scrolls of teleportation {unknown}
 n - 2 scrolls of amnesia {unknown}
 o - a scroll of enchant armour {unknown}
 s - 2 scrolls of remove curse {unknown}
 t - a scroll of immolation {unknown}
Potions
 i - a potion of curing
 p - 2 potions of agility {unknown}
 q - a potion of heal wounds {unknown}
 v - a potion of invisibility {unknown}
Comestibles
 f - 6 rations
 A - 3 chunks of flesh


   Skills:
 + Level 4.1 Fighting
 * Level 5.4 Maces & Flails
 - Level 1.7 Throwing
 + Level 3.2 Armour
 - Level 2.4 Dodging


You had 5 spell levels left.
You didn't know any spells.
Your spell library was empty.

Dungeon Overview and Level Annotations

Branches:
Dungeon (4/15)
 Temple: D:4-7

Altars:
Elyvilon
Okawaru
Yredelemnul


Innate Abilities, Weirdness & Mutations

You are resistant to torment.
Your stone body is resilient. (AC +4)
You are immune to poison.
You resist negative energy. (rN+)
You are resistant to electric shocks. (rElec)
You can survive without breathing.
You are immune to petrification.
You are immune to rotting.


Message History

The ogre hits you with a +0 giant club!!
Ouch! That really hurt!
There is a stone staircase leading up here.
The ogre hits you with a +0 giant club!
* * * LOW HITPOINT WARNING * * *
You climb upwards.
There is a stone staircase leading down here.
Things that are here:
a +0 robe; a +0 dagger; an orc skeleton
Things that are here:
a +0 leather armour; a +0 dagger You see here a +0 club.
Some of the chunks of flesh in your inventory have rotted away.
Okay, then.
Evoke which item? (* to show all) (? for menu, Esc to quit)
Aiming: Polymorph
Press: ? - help, Shift-Dir - straight line, f - ogre
Aim: an ogre, wielding a +0 giant club (chance to defeat MR: 46%)
The ogre resists with some effort.
The ogre hits you with a +0 giant club!
You die...

#...# # #.).# #
##'## # ♣♣.♣ # ♣.♣♣
# ###### ♣♣.♣ #
#....# ♣.♣♣ ##
#.#### ♣♣.♣♣ ##. #@#
♣...♣♣ #.# #O#
♣....♣ #.. #.#
#....# ### #)#
#....# ## ###.#
##...# ##. #...#
#..## ##..
#.#.#######.#####..)
#.#.................
#.#########.#####...


You could see an ogre.

Vanquished Creatures
  An orc wizard (D:3)
  Crazy Yiuf (D:3)
  Natasha (thrice) (D:3)
  3 gnolls (D:3)
  6 adders
  2 oozes
  2 worms
  2 dart slugs (D:1)
  2 leopard geckos
  7 orcs
  A ball python (D:1)
  6 giant cockroaches
  12 goblins
  8 hobgoblins
  11 kobolds
  2 quokkas
  7 bats
  6 frilled lizards
  14 rats
96 creatures vanquished.

Notes
Turn   | Place    | Note
-------+----------+-------------------------------------------
     0 | D:1      | Garbasso the Gargoyle Gladiator began the quest for the
                  | Orb.
     0 | D:1      | Reached XP level 1. HP: 12/12 MP: 1/1
    95 | D:1      | Reached XP level 2. HP: 18/18 MP: 2/2
   295 | D:1      | Reached skill level 1 in Armour
   364 | D:1      | Reached XP level 3. HP: 19/22 MP: 3/3
   978 | D:2      | Reached XP level 4. HP: 19/27 MP: 4/4
   984 | D:2      | Reached skill level 4 in Maces & Flails
  1266 | D:2      | Found a faded altar of an unknown god.
  1355 | D:2      | Found an iron altar of Okawaru.
  1363 | D:2      | Became a worshipper of Warmaster Okawaru
  1880 | D:3      | Noticed Natasha
  1936 | D:3      | Killed Natasha
  1936 | D:3      | Reached XP level 5. HP: 26/32 MP: 5/5
  2131 | D:3      | Noticed Natasha
  2136 | D:3      | Found a white marble altar of Elyvilon.
  2145 | D:3      | Killed Natasha
  2364 | D:3      | Noticed Natasha
  2378 | D:3      | Killed Natasha
  2561 | D:3      | Found a basalt altar of Yredelemnul.
  2882 | D:3      | Found a runed door.
  2920 | D:3      | Reached skill level 5 in Maces & Flails
  2953 | D:3      | Reached XP level 6. HP: 30/38 MP: 6/6
  3225 | D:3      | Noticed Crazy Yiuf
  3230 | D:3      | Killed Crazy Yiuf
  3579 | D:3      | Slain by an ogre

Vault maps used:
D:1:      psy_arrival_basics
D:2:      old_standard_altar, chequers_ecumenical_altar_simple_redux,
          chequers_mini_garden, st_stairs_10
D:3:      kennysheep_ying_yang, first_ration, uniq_natasha,
          uniq_crazy_yiuf_cottage
D:4:      serial_bayou_pond_d, nemelex_dance_club_becter, uniq_blork_the_orc,
          uniq_ijyb

Skill      XL: |  1  2  3  4  5  6 |
---------------+-------------------+-----
Armour         | 1 2 3 |  3.2
Fighting       | 3 4 |  4.1
Maces & Flails | 4 5 |  5.4
Throwing       | |  1.7
Dodging        | |  2.4

Action                   |  1- 3 |  4- 6 || total
-------------------------+-------+-------++-------
Melee: Flail             |   122 |   225 ||   347
       Unarmed           |       |    27 ||    27
 Fire: Hunting sling     |       |    17 ||    17
Throw: Tomahawk          |       |     1 ||     1
Evoke: Wand              |       |     1 ||     1
  Use: Potion            |       |     1 ||     1
  Eat: Chunk             |       |     9 ||     9
Armor: Leather armour    |     1 |       ||     1
       Chain mail        |   116 |   177 ||   293
       Skin              |       |     7 ||     7
Dodge: Dodged            |    74 |   104 ||   178

Table legend:
 A = Non-vault XP
 B = Vault XP
 C = Vault XP percentage of total XP
 D = Non-vault monster count
 E = Vault monster count
 F = Vault count percentage of total count
                 A         B        C        D         E       F
            +---------+---------+-------+---------+---------+-------
      Total |     380 |      95 |  20.0 |      90 |       6 |   6.2
            +---------+---------+-------+---------+---------+-------
        D:1 |      55 |       0 |   0.0 |      29 |       0 |   0.0
        D:2 |      69 |      20 |  22.5 |      19 |       4 |  17.4
        D:3 |     235 |      75 |  24.2 |      38 |       2 |   5.0
        D:4 |      21 |       0 |   0.0 |       4 |       0 |   0.0
            +---------+---------+-------+---------+---------+-------
